 Dungeon Crawl Stone Soup version 0.29-a0-506-ga2e7fffb44 (webtiles) character file.

Game seed: 12795281002759927046

855 dolemite99 the Ruffian (level 7, -1/66 HPs)
             Began as a Troll Fighter on May 29, 2022.
             Was a Plaything of Xom.
             Succumbed to a scorpion's poison
             ... while paralysed
             ... in an ossuary.
             The game lasted 00:04:55 (3326 turns).

dolemite99 the Ruffian (Troll Fighter)              Turns: 3326, Time: 00:04:55

Health: -1/66      AC:  4    Str: 23      XL:     7   Next: 70%
Magic:  6/6        EV:  1    Int:  0 (2)  God:    Xom [......]
Gold:   321        SH:  0    Dex: 12 (13) Spells: 6/6 levels left

rFire   + . .      SeeInvis .     - Unarmed
rCold   . . .      Faith    +   b - +1 kite shield
rNeg    . . .      Spirit   .   a - +0 robe
rPois   .          Reflect  .   (helmet restricted)
rElec   .          Harm     .   (no cloak)
rCorr   .          Rampage  .   (gloves unavailable)
Will    .....                   (boots unavailable)
Stlth   +.........              h - amulet of faith
HPRegen 1.01/turn               (no ring)
MPRegen 0.10/turn               (no ring)

@: paralysed, lethally poisoned (-1 -> -15), slowed, lost intelligence, unable
to read
A: large, unfitting armour, claws 3, regeneration 1, shaggy fur 1, tough skin 1,
antennae 1, agile 1, deterioration 2, dopey 1, fire resistance 1, weak 1,
MP-powered wands, sturdy frame 1
a: Renounce Religion


You were in an ossuary.
You worshipped Xom.
You were a very special plaything of Xom.
You visited 1 branch of the dungeon, and saw 5 of its levels.
You also visited: Ossuary.

You collected 321 gold pieces.

Inventory:

Missiles
 f - 4 poisoned darts (quivered)
Armour
 a - a +0 robe (worn)
 b - a +1 kite shield (worn)
Magical Staves
 u - a staff of conjuration
Jewellery
 h - an amulet of faith (around neck)
 i - a ring of positive energy
 j - an amulet of the acrobat
 r - a ring of protection from cold
Wands
 p - a wand of acid (2)
Scrolls
 d - 3 scrolls of noise
 e - a scroll of poison
 o - 2 scrolls of fog
 t - a scroll of teleportation
 w - a scroll of blinking
Potions
 c - a potion of might
 g - 5 potions of curing
 k - 2 potions of attraction {unknown}
 l - 3 potions of heal wounds
 m - a potion of lignification
 n - a potion of magic
 q - a potion of mutation {unknown}
 s - a potion of haste {unknown}


   Skills:
 - Level 2.4 Fighting
 - Level 2.4 Dodging
 + Level 6.2 Shields
 + Level 6.4 Unarmed Combat


You had 6 spell levels left.
You didn't know any spells.
Your spell library contained the following spells:

 Spells                   Type           Power      Damage    Failure   Level
 Portal Projectile        Hex/Tloc       0%         N/A       99%         3
 Tukima's Dance           Hex            0%         N/A       99%         3
 Blade Hands              Tmut           0%         N/A       100%        5
 Chain Lightning          Conj/Air       0%         N/A       100%        9
 Fire Storm               Conj/Fire      0%         5d1       100%        9
 Shatter                  Erth           0%         3d5*      100%        9


Dungeon Overview and Level Annotations

Branches:
Dungeon (5/15)            Ossuary (1/1)
 Temple: D:4-7

Altars:
Vehumet
Wu Jian
Xom
Yredelemnul
Zin

Annotations:
D:4 exclusion: statue


Innate Abilities, Weirdness & Mutations

You are too large for most types of armour.
You have claws for hands.
Your natural rate of healing is unusually fast.
You are covered in fur. (AC +1)
You have tough skin. (AC +1)
You have a pair of small antennae on your head.
You are agile. (Dex +2)
Your body often deteriorates upon taking damage.
You are dopey. (Int -2)
Your flesh is heat resistant. (rF+)
You are weak. (Str -2)
You expend magic power (3 MP) to strengthen your wands.
Your movements are slightly less encumbered by armour. (ER -2)


Message History

You claw the scorpion!
You kill the scorpion!
You feel very sick. You block the scorpion's attack.
You claw the scorpion!
The scorpion is heavily wounded.
You feel very sick. The scorpion completely misses you.
The scorpion stings you!
You are more poisoned.
The scorpion poisons you!
You are too injured to fight recklessly!
You barely miss the scorpion.
The scorpion is heavily wounded.
You feel very sick. You block the scorpion's attack.
You barely miss the scorpion.
The scorpion is heavily wounded.
You feel very sick. The scorpion stings you.
You are more poisoned.
The scorpion poisons you!
You closely miss the scorpion.
The scorpion is heavily wounded.
You feel very sick. The scorpion stings you.
* * * LOW HITPOINT WARNING * * *
You are lethally poisoned!
The scorpion poisons you!
You barely miss the scorpion.
The scorpion is heavily wounded.
* * * LOW HITPOINT WARNING * * *
Your body deteriorates!
You feel dopey.
You have lost your intelligence.
You feel extremely sick.
The scorpion stings you but does no damage.
* * * LOW HITPOINT WARNING * * *
You feel very sick. The scorpion stings you.
* * * LOW HITPOINT WARNING * * *
You die...
Xom bursts into laughter!

..#...#...#.??#
..8...'...#!.?+.(.
......#...#M..#...
8...8###†#######'##
......#...#...#...#
..8...#...8...#...#
..#...#.......#...#
########8...8##.s.#
..#...#.......#.@.#
..#...'...8...#...#
..#...#...#...#...#
####'###########'##
#.....#...#...#...#
#.....#...'...8...#
8.....#...#.......#
......##'###8...8##
.†....#...#.......#


You could see a scorpion.

Vanquished Creatures
  An ice beast (Ossuary)
  6 scorpions (Ossuary)
  2 centaur zombies (Ossuary)
  A hound (D:4)
  An orc priest (D:3)
  2 scorpion zombies (Ossuary)
  3 mummies (Ossuary)
  3 adders
  An ufetubus (D:5)
  A worm (D:4)
  A dart slug (D:4)
  6 orcs
  5 endoplasms
  A giant cockroach (D:1)
  3 gnoll zombies (Ossuary)
  8 hobgoblins
  14 jackals
  4 quokkas
  11 ball pythons
  8 bats
  3 frilled lizards
  4 goblins
  6 goblin zombies (Ossuary)
  2 hobgoblin zombies (Ossuary)
  8 kobolds
  3 kobold zombies (Ossuary)
  An orc zombie (Ossuary)
  4 rats
113 creatures vanquished.

Vanquished Creatures (collateral kills)
  A scorpion (D:4)
  A kobold (D:4)
2 creatures vanquished.

Grand Total: 115 creatures vanquished

Notes
Turn   | Place    | Note
-------+----------+-------------------------------------------
     0 | D:1      | dolemite99 the Troll Fighter began the quest for the Orb.
     0 | D:1      | Reached XP level 1. HP: 22/22 MP: 0/0
   162 | D:1      | Reached XP level 2. HP: 29/29 MP: 1/1
   300 | D:1      | Found a faded altar of an unknown god.
   310 | D:1      | Prayed at the altar of an unknown god.
   310 | D:1      | Became a worshipper of The Xom-Meister, Xom-o-Rama
   385 | D:1      | XOM: silly message
   413 | D:1      | XOM: divination: detect creatures
   416 | D:1      | Reached XP level 3. HP: 34/36 MP: 2/2
   494 | D:1      | XOM: silly message
   601 | D:1      | XOM: silly message
   726 | D:1      | XOM: noise
   832 | D:2      | XOM: 3-stop teleportation journey
  1013 | D:2      | XOM: 7-stop teleportation journey
  1070 | D:2      | XOM: silly message
  1112 | D:2      | Found a glowing silver altar of Zin.
  1140 | D:2      | XOM: noise
  1430 | D:2      | XOM: god gift: runed morningstar {god gift}
  1456 | D:2      | XOM: divination: magic mapping
  1482 | D:2      | XOM is BORED!
  1544 | D:3      | XOM: give mutations
  1544 | D:3      | Gained mutation: You occasionally shout uncontrollably at
                  | your foes. [Xom's mischief]
  1544 | D:3      | Lost mutation: You occasionally shout uncontrollably at
                  | your foes. [Xom's mischief]
  1544 | D:3      | Gained mutation: You have a pair of small antennae on your
                  | head. [Xom's mischief]
  1544 | D:3      | Gained mutation: Your body sometimes deteriorates upon
                  | taking damage. [Xom's mischief]
  1600 | D:3      | Reached XP level 4. HP: 44/44 MP: 3/3
  1632 | D:3      | XOM: butterfly on damage
  1637 | D:3      | XOM: give mutations
  1637 | D:3      | Gained mutation: Your body often deteriorates upon taking
                  | damage. [Xom's mischief]
  1637 | D:3      | Gained mutation: You occasionally shout uncontrollably at
                  | your foes. [Xom's mischief]
  1637 | D:3      | Lost mutation: You occasionally shout uncontrollably at
                  | your foes. [Xom's mischief]
  1637 | D:3      | Gained mutation: You are weak. (Str -2) [Xom's mischief]
  1815 | D:3      | XOM: god gift: 14 gold pieces
  1874 | D:3      | Found a basalt altar of Yredelemnul.
  1875 | D:3      | Found an ornate altar of the Wu Jian Council.
  2112 | D:3      | XOM: give mutations
  2112 | D:3      | Gained mutation: You expend magic power (3 MP) to
                  | strengthen your wands. [Xom's grace]
  2112 | D:3      | Gained mutation: Your movements are slightly less
                  | encumbered by armour. (ER -2) [Xom's grace]
  2112 | D:3      | Gained mutation: You have hidden genetic potential. [Xom's
                  | grace]
  2112 | D:3      | Gained mutation: Your flesh is heat resistant. (rF+) [Xom's
                  | grace]
  2210 | D:4      | XOM: divination: magic mapping
  2213 | D:4      | Noticed a scorpion
  2218 | D:4      | XOM: summons 4 friendly demons
  2222 | D:4      | Reached XP level 5. HP: 42/50 MP: 4/4
  2236 | D:4      | Gained mutation: You are agile. (Dex +2) [hidden potential]
  2318 | D:4      | Found a radiant altar of Vehumet.
  2318 | D:4      | Noticed a frost-covered statue
  2415 | D:4      | XOM: give mutations
  2415 | D:4      | Gained mutation: You are dopey. (Int -2) [Xom's mischief]
  2415 | D:4      | Lost mutation: You are agile. (Dex +2) [Xom's mischief]
  2799 | D:5      | Entered Level 5 of the Dungeon
  2850 | D:5      | XOM: swap monsters
  2885 | D:5      | Found a sand-covered staircase.
  2893 | Ossuary  | Entered an ossuary
  2929 | Ossuary  | Reached XP level 6. HP: 46/59 MP: 5/5
  2938 | Ossuary  | XOM: noise
  2945 | Ossuary  | XOM: 2-stop teleportation journey
  2951 | Ossuary  | Reached skill level 5 in Shields
  2951 | Ossuary  | Reached skill level 5 in Unarmed Combat
  2961 | Ossuary  | Gained mutation: You are agile. (Dex +2) [hidden potential]
  2961 | Ossuary  | Lost mutation: You have hidden genetic potential. [hidden
                  | potential expressed]
  2980 | Ossuary  | XOM: enchant monster (bad)
  3007 | Ossuary  | XOM: swap monsters
  3050 | Ossuary  | XOM: enchant monster (bad)
  3053 | Ossuary  | XOM: noise
  3056 | Ossuary  | Reached XP level 7. HP: 52/66 MP: 6/6
  3240 | Ossuary  | XOM: swap monsters
  3242 | Ossuary  | XOM: polymorph scorpion -> ice beast
  3261 | Ossuary  | XOM: smoke on damage
  3285 | Ossuary  | XOM: confusion
  3306 | Ossuary  | XOM: stat loss: -1 Int (1/2)
  3324 | Ossuary  | Lost intelligence.
  3325 | Ossuary  | HP: 3/66 [scorpion (5)]
  3326 | Ossuary  | Succumbed to a scorpion's poison

Illustrated notes

Levels and vault maps discovered:
D:1:      nzn_arrival_settlement, layout_basic, ebering_ecumenical_altar_box
D:2:      minmay_chambers_of_ones, layout_loops_ring, basic_altar
D:3:      layout_rooms, gammafunk_temple_overflow_statue
D:4:      layout_basic, vehumet_statue
D:5:      layout_basic, serial_shops, shop,
          lightli_ossuary_entry_decrepit_ruins, serial_bayou_crossing
Ossuary:  ossuary_minmay_scorpions

Skill      XL: |  1  2  3  4  5  6  7 |
---------------+----------------------+-----
Shields        | 3 4 5 6 |  6.2
Unarmed Combat | 3 4 5 6 |  6.4
Fighting       | |  2.4
Dodging        | |  2.4

Action                   |  1- 3 |  4- 6 |  7- 9 || total
-------------------------+-------+-------+-------++-------
Melee: Unarmed           |   116 |   162 |    48 ||   326
Throw: Dart              |    38 |    31 |     9 ||    78
  Use: Scroll            |     7 |     5 |     3 ||    15
 Stab: Sleeping          |       |     1 |       ||     1
Armor: Robe              |    52 |    53 |    10 ||   115
Dodge: Dodged            |    56 |    58 |    13 ||   127
Block: Kite shield       |    68 |    69 |    20 ||   157

Table legend: (Time is in decaauts)
 A = Elapsed time spent in this place.
 B = Non-inter-level travel time spent in this place.
 C = Inter-level travel time spent in this place.
 D = Time resting spent in this place.
 E = Time spent auto-exploring this place.
 F = Levels seen in this place.
 G = Mean time per level.
                   A        B        C        D        E       F      G
               +--------+--------+--------+--------+--------+-----+--------+
         Total |   3351 |   3179 |    172 |    314 |   1804 |   6 |  558.5 |
       Dungeon |   2916 |   2744 |    172 |    172 |   1767 |   5 |  583.2 |
       Ossuary |    435 |    435 |      0 |    142 |     37 |   1 |  435.0 |
               +--------+--------+--------+--------+--------+-----+--------+

Top non-repeatable levels by time:
     D:1: 783 daAuts
     D:2: 761 daAuts
     D:3: 682 daAuts
     D:4: 593 daAuts
 Ossuary: 435 daAuts
     D:5: 95 daAuts
